NWL (28 & UNDER)
BISMARCK BARONS @ CULVER CITY EXTRAS
04/06/2027
 
TOP OF THE 1ST
Bismarck Barons batting - Pitching for Culver City Extras : RHP Tom Wallace
Pitching: RHP Tom Wallace
Batting: LHB John Frost 0-0: Ball
1-0: Foul Ball, location: 2F
1-1: Bunt for hit - play at first, batter OUT! 4-3
Batting: LHB Jesús Bueno 0-0: Called Strike
0-1: Swinging Strike
0-2: Ball
1-2: Ball
2-2: Ball
3-2: Strikes out swinging
Batting: RHB Seiji Kouno 0-0: Ball
1-0: Called Strike
1-1: Ball
2-1: Ball
3-1: Foul Ball, location: 2F
3-2: Strikes out swinging
Top of the 1st over - 0 run(s), 0 hit(s), 0 error(s), 0 left on base; Bismarck 0 - Culver City 0
BOTTOM OF THE 1ST
Culver City Extras batting - Pitching for Bismarck Barons : RHP Raymond Gregg
Pitching: RHP Raymond Gregg
Batting: RHB Augusto Trevino 0-0: Ball
1-0: Hit by Pitch
Batting: LHB Brian Ford 0-0: Ball
1-0: Ball
2-0: Fly out, F5 (Popup, 56D)
Batting: LHB Benny Richard 0-0: Ball
1-0: Foul Ball, location: 2F
1-1: Grounds into double play, 4-6-3 (Groundball, 4)
Bottom of the 1st over - 0 run(s), 0 hit(s), 0 error(s), 0 left on base; Bismarck 0 - Culver City 0
TOP OF THE 2ND
Bismarck Barons batting - Pitching for Culver City Extras : RHP Tom Wallace
Batting: RHB Michael Thomas 0-0: Ball
1-0: Fly out, F9 (Flyball, 9S)
Batting: SHB Jeff Chambers 0-0: Foul Ball, location: 2F
0-1: Swinging Strike
0-2: Ball
1-2: Strikes out swinging
Batting: RHB Esteban Lara 0-0: Swinging Strike
0-1: Ball
1-1: Swinging Strike
1-2: Strikes out looking
Top of the 2nd over - 0 run(s), 0 hit(s), 0 error(s), 0 left on base; Bismarck 0 - Culver City 0
BOTTOM OF THE 2ND
Culver City Extras batting - Pitching for Bismarck Barons : RHP Raymond Gregg
Batting: RHB Max Alexander 0-0: Ball
1-0: Fly out, F8 (Flyball, 8LS)
Batting: LHB Nick English 0-0: Ball
1-0: Foul Ball, location: 2F
1-1: Ball
2-1: Ball
3-1: Base on Balls
Batting: RHB Bob Magee 0-0: Called Strike
0-1: Ball
1-1: Fly out, F8 (Flyball, 8RXD)
Batting: LHB Richard Bell 0-0: Ball
1-0: Ball
2-0: Foul Ball, location: 2F
2-1: Ball
3-1: Fly out, F8 (Flyball, 8LD)
Bottom of the 2nd over - 0 run(s), 0 hit(s), 0 error(s), 1 left on base; Bismarck 0 - Culver City 0
TOP OF THE 3RD
Bismarck Barons batting - Pitching for Culver City Extras : RHP Tom Wallace
Batting: SHB Manuel Hegnauer 0-0: Ball
1-0: Ball
2-0: Foul Ball, location: 2F
2-1: Fly out, F4 (Popup, 4D)
Batting: RHB Felipe Domínguez 0-0: Ground out 4-3 (Groundball, 4MS)
Batting: RHB Roberto García 0-0: Called Strike
0-1: Ball
1-1: Foul Ball, location: 2F
1-2: Strikes out looking
Top of the 3rd over - 0 run(s), 0 hit(s), 0 error(s), 0 left on base; Bismarck 0 - Culver City 0
BOTTOM OF THE 3RD
Culver City Extras batting - Pitching for Bismarck Barons : RHP Raymond Gregg
Batting: RHB Ryan Parrish 0-0: Ball
1-0: Called Strike
1-1: Called Strike
1-2: Strikes out swinging
Batting: RHB Cooper Richard 0-0: Swinging Strike
0-1: Called Strike
0-2: Strikes out swinging
Batting: RHB Augusto Trevino 0-0: Ball
1-0: Foul Ball, location: 2F
1-1: Ball
2-1: Foul Ball, location: 2F
2-2: Ball
3-2: Ground out 4-3 (Groundball, 4)
Bottom of the 3rd over - 0 run(s), 0 hit(s), 0 error(s), 0 left on base; Bismarck 0 - Culver City 0
TOP OF THE 4TH
Bismarck Barons batting - Pitching for Culver City Extras : RHP Tom Wallace
Batting: LHB John Frost 0-0: Ground out 1-3 (Groundball, P)
Batting: LHB Jesús Bueno 0-0: DOUBLE (Line Drive, 7LS)
Batting: RHB Seiji Kouno 0-0: Ball
1-0: Called Strike
1-1: Foul Ball, location: 2F
1-2: Ball
2-2: Ball
3-2: Base on Balls
Batting: RHB Michael Thomas 0-0: 3-RUN HOME RUN (Flyball, 78XD), Distance : 411 ft
Batting: SHB Jeff Chambers 0-0: Ball
1-0: Ball
2-0: DOUBLE (Line Drive, 78M)
Batting: RHB Esteban Lara 0-0: Swinging Strike
0-1: Ball
1-1: Ball
2-1: Ball
3-1: Foul Ball, location: 2F
3-2: Foul Ball, location: 2F
3-2: DOUBLE (Line Drive, 8LXD)
Jeff Chambers scores
Batting: SHB Manuel Hegnauer 0-0: Fly out, F4 (Line Drive, 4)
Batting: RHB Felipe Domínguez 0-0: Fly out, F8 (Flyball, 8LS)
Top of the 4th over - 4 run(s), 4 hit(s), 0 error(s), 1 left on base; Bismarck 4 - Culver City 0
BOTTOM OF THE 4TH
Culver City Extras batting - Pitching for Bismarck Barons : RHP Raymond Gregg
Batting: LHB Brian Ford 0-0: Ball
1-0: Ball
2-0: Ground out 3-1 (Groundball, 34)
Batting: LHB Benny Richard 0-0: Ball
1-0: Swinging Strike
1-1: Called Strike
1-2: Ball
2-2: Strikes out swinging
Batting: RHB Max Alexander 0-0: Called Strike
0-1: Swinging Strike
0-2: Strikes out swinging
Bottom of the 4th over - 0 run(s), 0 hit(s), 0 error(s), 0 left on base; Bismarck 4 - Culver City 0
TOP OF THE 5TH
Bismarck Barons batting - Pitching for Culver City Extras : RHP Tom Wallace
Batting: RHB Roberto García 0-0: Ball
1-0: Called Strike
1-1: Called Strike
1-2: Strikes out swinging, 2-3 out at first.
Batting: LHB John Frost 0-0: Foul Ball, location: 2F
0-1: Ball
1-1: Foul Ball, location: 2F
1-2: Ball
2-2: Ball
3-2: Foul Ball, location: 2F
3-2: Foul Ball, location: 2F
3-2: Ground out U3 (Groundball, 34)
Batting: LHB Jesús Bueno 0-0: Ball
1-0: Called Strike
1-1: Ball
2-1: Swinging Strike
2-2: DOUBLE (Line Drive, 9LM)
Batting: RHB Seiji Kouno 0-0: Called Strike
0-1: Called Strike
0-2: Foul Ball, location: 2F
0-2: Ball
1-2: Reached on error, E9 (Flyball, 89M)
Jesús Bueno scores
Batting: RHB Michael Thomas 0-0: Called Strike
0-1: Ball
1-1: Called Strike
1-2: Ball
2-2: Ball
3-2: SINGLE (Groundball, 25) (infield hit)
Seiji Kouno to third
Batting: SHB Jeff Chambers 0-0: Ball
1-0: Called Strike
1-1: Ball
2-1: Called Strike
2-2: Ball
3-2: Base on Balls
Michael Thomas to second
Batting: RHB Esteban Lara 0-0: Ball
1-0: Swinging Strike
1-1: Called Strike
1-2: Ball
2-2: Ball
3-2: Foul Ball, location: 2F
3-2: Strikes out swinging
Top of the 5th over - 1 run(s), 2 hit(s), 1 error(s), 3 left on base; Bismarck 5 - Culver City 0
BOTTOM OF THE 5TH
Culver City Extras batting - Pitching for Bismarck Barons : RHP Raymond Gregg
Batting: LHB Nick English 0-0: Ball
1-0: Ground out 4-3 (Groundball, 4)
Batting: RHB Bob Magee 0-0: Ball
1-0: Foul Ball, location: 2F
1-1: Foul Ball, location: 2F
1-2: Ball
2-2: Ball
3-2: Fly out, F9 (Flyball, 9LM)
Batting: LHB Richard Bell 0-0: Ball
1-0: Ball
2-0: Ball
3-0: Foul Ball, location: 2F
3-1: Foul Ball, location: 2F
3-2: Foul Ball, location: 2F
3-2: Foul Ball, location: 2F
3-2: Foul Ball, location: 2F
3-2: Base on Balls
Batting: RHB Ryan Parrish 0-0: Foul Ball, location: 2F
0-1: Foul Ball, location: 2F
0-2: Fielders Choice at 2nd, 5-4 (Groundball, 56)
Bottom of the 5th over - 0 run(s), 0 hit(s), 0 error(s), 0 left on base; Bismarck 5 - Culver City 0
TOP OF THE 6TH
Bismarck Barons batting - Pitching for Culver City Extras : RHP Tom Wallace
Pitching: RHP Tyler Kirkland
Batting: SHB Manuel Hegnauer 0-0: Ball
1-0: Foul Ball, location: 2F
1-1: Fly out, F8 (Flyball, 8LM)
Batting: RHB Felipe Domínguez 0-0: Called Strike
0-1: Swinging Strike
0-2: Foul Ball, location: 2F
0-2: Ball
1-2: Ball
2-2: Ball
3-2: Strikes out swinging
Batting: RHB Roberto García 0-0: Ball
1-0: Ball
2-0: Ball
3-0: Base on Balls
Batting: LHB John Frost 0-0: Swinging Strike
0-1: Ball
1-1: Called Strike
1-2: Foul Ball, location: 2F
1-2: Strikes out swinging
Top of the 6th over - 0 run(s), 0 hit(s), 0 error(s), 1 left on base; Bismarck 5 - Culver City 0
BOTTOM OF THE 6TH
Culver City Extras batting - Pitching for Bismarck Barons : RHP Raymond Gregg
Batting: RHB Cooper Richard 0-0: Ground out 5-3 (Groundball, 56S)
Batting: RHB Augusto Trevino 0-0: Ball
1-0: Foul Ball, location: 2F
1-1: Foul Ball, location: 2F
1-2: Ball
2-2: Ball
3-2: Foul Ball, location: 2F
3-2: Fly out, F5 (Popup, 56D)
Batting: LHB Brian Ford 0-0: Ball
1-0: Ball
2-0: Called Strike
2-1: Ball
3-1: Called Strike
3-2: Foul Ball, location: 2F
3-2: Base on Balls
Batting: LHB Benny Richard 0-0: Ball
1-0: Ball
2-0: Ball
3-0: Called Strike
3-1: Ground out U3 (Groundball, 3S)
Bottom of the 6th over - 0 run(s), 0 hit(s), 0 error(s), 1 left on base; Bismarck 5 - Culver City 0
TOP OF THE 7TH
Bismarck Barons batting - Pitching for Culver City Extras : RHP Tyler Kirkland
Batting: LHB Jesús Bueno 0-0: Ball
1-0: Ball
2-0: Ball
3-0: Base on Balls
Batting: RHB Seiji Kouno 0-0: Called Strike
0-1: Swinging Strike
0-2: Strikes out swinging
Batting: RHB Michael Thomas 0-0: 2-RUN HOME RUN (Flyball, 78XD), Distance : 393 ft
Batting: SHB Jeff Chambers 0-0: Ball
1-0: Ball
2-0: Ball
3-0: Base on Balls
Batting: RHB Esteban Lara 0-0: Ball
Throwing error on steal attempt, E2
Jeff Chambers to third
1-0: Ball
2-0: Foul Ball, location: 2F
2-1: Ball
3-1: Called Strike
3-2: Foul Ball, location: 2F
3-2: Base on Balls
Batting: SHB Manuel Hegnauer 0-0: Ball
1-0: Foul Ball, location: 2F
1-1: Called Strike
1-2: Strikes out swinging
Batting: RHB Felipe Domínguez Balk!
Jeff Chambers scores
Esteban Lara to second
0-0: Called Strike
0-1: Ball
1-1: Swinging Strike
1-2: Ball
2-2: Foul Ball, location: 2F
2-2: Ball
3-2: Base on Balls
Pitching: RHP Sergio Chávez
Batting: RHB Roberto García 0-0: Ball
1-0: Foul Ball, location: 2F
1-1: Ball
2-1: Foul Ball, location: 2F
2-2: Ball
Wild Pitch!
Esteban Lara to third
Felipe Domínguez to second
3-2: SINGLE (Groundball, 6MD)
Esteban Lara scores
Felipe Domínguez to third
Felipe Domínguez scores
Batting: LHB John Frost Pickoff Throw to First - Out!
Top of the 7th over - 5 run(s), 2 hit(s), 1 error(s), 0 left on base; Bismarck 10 - Culver City 0
BOTTOM OF THE 7TH
Culver City Extras batting - Pitching for Bismarck Barons : RHP Raymond Gregg
Batting: RHB Max Alexander 0-0: Called Strike
0-1: Ball
1-1: Foul Ball, location: 2F
1-2: Ball
2-2: Fly out, F8 (Flyball, 8LM)
Batting: LHB Nick English 0-0: Called Strike
0-1: Ground out 3-1 (Groundball, 34S)
Batting: RHB Bob Magee 0-0: Ball
1-0: Ball
2-0: Called Strike
2-1: Fly out, F9 (Flyball, 9S)
Bottom of the 7th over - 0 run(s), 0 hit(s), 0 error(s), 0 left on base; Bismarck 10 - Culver City 0
TOP OF THE 8TH
Bismarck Barons batting - Pitching for Culver City Extras : RHP Sergio Chávez
Batting: LHB John Frost 0-0: Ball
1-0: Foul Ball, location: 2F
1-1: Foul Ball, location: 2F
1-2: Ball
2-2: Foul Ball, location: 2F
2-2: Foul Ball, location: 2F
2-2: Foul Ball, location: 2F
2-2: Ball
3-2: Foul Ball, location: 2F
3-2: Foul Ball, location: 2F
3-2: SINGLE (Flyball, 6MD)
Pinch Hitting: LHB Pedro Díaz 0-0: Called Strike
0-1: Foul Ball, location: 2F
0-2: Ball
1-2: Strikes out swinging
John Frost steals 2nd base
Batter strikes out.
Batting: RHB Seiji Kouno 0-0: Called Strike
0-1: Swinging Strike
0-2: Strikes out looking
Batting: RHB Michael Thomas 0-0: Called Strike
0-1: Ball
1-1: Ball
2-1: Foul Ball, location: 2F
2-2: DOUBLE (Line Drive, 8LD)
John Frost scores
Batting: SHB Jeff Chambers 0-0: Foul Ball, location: 2F
0-1: Ball
1-1: Foul Ball, location: 2F
1-2: Ground out 6-3 (Groundball, 6MS)
Top of the 8th over - 1 run(s), 2 hit(s), 0 error(s), 1 left on base; Bismarck 11 - Culver City 0
BOTTOM OF THE 8TH
Culver City Extras batting - Pitching for Bismarck Barons : RHP Raymond Gregg
Now in RF: Pedro Díaz
Batting: LHB Richard Bell 0-0: Ball
1-0: Fly out, F8 (Line Drive, 78D)
Batting: RHB Ryan Parrish 0-0: Foul Ball, location: 2F
0-1: Foul Ball, location: 2F
0-2: Strikes out swinging
Batting: RHB Cooper Richard 0-0: Called Strike
0-1: Called Strike
0-2: Ball
1-2: Ball
2-2: Ball
3-2: Foul Ball, location: 2F
3-2: Strikes out swinging
Bottom of the 8th over - 0 run(s), 0 hit(s), 0 error(s), 0 left on base; Bismarck 11 - Culver City 0
TOP OF THE 9TH
Bismarck Barons batting - Pitching for Culver City Extras : RHP Sergio Chávez
Pinch Hitting: SHB Tim Johnson 0-0: Called Strike
0-1: Foul Ball, location: 2F
0-2: Foul Ball, location: 2F
0-2: Ball
1-2: Ball
2-2: Ball
3-2: Base on Balls
Batting: SHB Manuel Hegnauer 0-0: Ball
1-0: Called Strike
1-1: Ball
2-1: SINGLE (Flyball, 89M)
Tim Johnson to second
Batting: RHB Felipe Domínguez 0-0: Ball
1-0: SINGLE (Groundball, 6MD)
Tim Johnson to third
Manuel Hegnauer to second
Runner from 3rd tries for Home, SAFE, throw made home
Batting: RHB Roberto García 0-0: Grounds into double play, 4-6-3 (Groundball, 4M)
Manuel Hegnauer to third
Batting: LHB John Frost 0-0: Foul Ball, location: 2F
0-1: Ball
1-1: Foul Ball, location: 2F
1-2: Strikes out swinging
Top of the 9th over - 1 run(s), 2 hit(s), 0 error(s), 1 left on base; Bismarck 12 - Culver City 0
BOTTOM OF THE 9TH
Culver City Extras batting - Pitching for Bismarck Barons : RHP Raymond Gregg
Now at 2B: Herb Bunch
Batting: RHB Augusto Trevino 0-0: Called Strike
0-1: Ball
1-1: Ball
2-1: Called Strike
2-2: Foul Ball, location: 2F
2-2: Strikes out swinging
Batting: LHB Brian Ford 0-0: Foul Ball, location: 2F
0-1: Ball
1-1: Ball
2-1: Ball
3-1: Base on Balls
Batting: LHB Benny Richard 0-0: Ball
1-0: SINGLE (Groundball, 3D)
Brian Ford to second
Runner from 2nd tries for 3rd, SAFE, no throw
Pitching: RHP Wilson Molina
Batting: RHB Max Alexander 0-0: Called Strike
0-1: Foul Ball, location: 2F
0-2: SINGLE (Groundball, 6MD)
Brian Ford scores
Benny Richard to second
Batting: LHB Nick English 0-0: Ball
1-0: Fly out, F8 (Flyball, 89M)
Batting: RHB Bob Magee 0-0: Ball
1-0: Called Strike
1-1: Ball
2-1: Ball
3-1: Called Strike
3-2: Strikes out swinging
Bottom of the 9th over - 1 run(s), 2 hit(s), 0 error(s), 2 left on base; Bismarck 12 - Culver City 1
Thursday, March 30th, 2017 - OOTP Baseball 17.12 Build 75